 Dungeon Crawl Stone Soup version 0.32-a0-17-gb74e046682 (webtiles) character file.

Game seed: 12011835570489682969

191670 olmar the Rich (level 18, -19/144 HPs)
             Began as a Gnoll Warper on Dec 3, 2023.
             Was an Initiate of Gozag.
             Killed from afar by an ophan (60 damage)
             ... with a bolt of fire
             ... on level 3 of the Abyss on Jan 16, 2024.
             The game lasted 01:58:36 (39762 turns).

olmar the Rich (Gnoll Warper)                      Turns: 39762, Time: 01:58:37

Health: -19/144    AC: 15    Str: 10    XL:     18   Next: 65%
Magic:  35/35      EV: 19    Int: 27    God:    Gozag
Gold:   2171       SH:  0    Dex: 17    Spells: 3/44 levels left

rFire   . . .        U - +11 triple sword of Burning Punishment {speed, rElec rC+++ rCorr Str-3 Stlth+}
rCold   + + +        (shield currently unavailable)
rNeg    + + .        t - +2 troll leather armour
rPois   +            q - +0 helmet {SInv}
rElec   +            D - +2 ratskin cloak {*Rats rPois rN+ Str-1 Int-1 Dex+1}
rCorr   +            (no gloves)
SInv    +            I - +2 pair of boots
Will    +....        E - amulet of the Komodo Dragon {Harm rN+ Regen+ Dex+3}
Stlth   +++          Y - +6 ring of intelligence
HPRegen 2.04/turn    C - +6 ring of intelligence
MPRegen 0.24/turn

%: harm (+30% outgoing, +20% incoming)
@: mighty, gold aura, glowing
A: fangs 1, strong nose, distributed training, talons 1
a: Renounce Religion, Potion Petition, Call Merchant, Bribe Branch


You were on level 3 of the Abyss.
You worshipped Gozag.
Gozag was most pleased with you.
You visited 5 branches of the dungeon, and saw 26 of its levels.
You visited the Abyss 2 times.
You visited 1 bazaar.
You also visited: Sewer and Volcano.

You collected 10790 gold pieces.
You spent 2835 gold pieces at shops.
You paid 5784 gold pieces to Gozag.

Inventory:

Hand Weapons
 U - the +11 triple sword of Burning Punishment (weapon) {speed, rElec rC+++ rCorr Str-3 Stlth+}
   (You acquired it on level 2 of the Elven Halls)

   Str-3:     It affects your strength (-3).
   rC+++:     It renders you almost immune to cold.
   rElec:     It insulates you from electricity.
   rCorr:     It protects you from acid and corrosion.
   Stlth+:    It makes you more stealthy.
Missiles
 d - 7 darts of dispersal
 H - 12 curare-tipped darts (quivered)
 J - 10 poisoned darts
 W - a throwing net
Armour
 q - a +0 helmet of see invisible (worn)
 t - a +2 troll leather armour (worn)
 D - the +2 ratskin cloak (worn) {*Rats rPois rN+ Str-1 Int-1 Dex+1}
   (You found it on level 8 of the Dungeon)

   *Rats:     When the wearer is hurt, rats may emerge from it to assist them.
   Str-1:     It affects your strength (-1).
   Int-1:     It affects your intelligence (-1).
   Dex+1:     It affects your dexterity (+1).
   rPois:     It protects you from poison rN+: It protects you from negative
   energy.
 I - a +2 pair of boots (worn)
Jewellery
 c - a ring of ice
 k - a ring of resist corrosion
 m - a ring of positive energy
 A - an amulet of regeneration
 C - a +6 ring of intelligence (right hand)
 E - the amulet of the Komodo Dragon (around neck) {Harm rN+ Regen+ Dex+3}
   (You bought it in a shop on level 3 of the Elven Halls)

   [amulet of regeneration]

   Dex+3:     It affects your dexterity (+3).
   rN+:       It protects you from negative energy.
   Regen+:    It increases your rate of health regeneration.
   Harm:      It increases damage dealt and taken.
 P - an amulet of guardian spirit
 R - a ring of ice
 Y - a +6 ring of intelligence (left hand)
 Z - a ring of fire
Talismans
 Q - a maw talisman
Wands
 a - a wand of digging (4)
 y - a wand of flame (40)
 L - a wand of polymorph (9)
 N - a wand of iceblast (9)
 V - a wand of charming (3)
Scrolls
 b - 5 scrolls of torment
 e - 4 scrolls of butterflies
 h - 6 scrolls of immolation
 j - 8 scrolls of enchant armour
 p - 2 scrolls of vulnerability
 r - 3 scrolls of poison
 s - 2 scrolls of revelation
 u - a scroll of teleportation
 v - 6 scrolls of fog
 w - 3 scrolls of enchant weapon
 z - 5 scrolls of fear
 B - a scroll of brand weapon
 M - 4 scrolls of amnesia
 O - a scroll of identify
Potions
 f - 3 potions of enlightenment
 g - 6 potions of might
 i - 2 potions of curing
 l - 3 potions of mutation
 n - 4 potions of degeneration
 o - 2 potions of resistance
 x - 6 potions of invisibility
 F - 2 potions of magic
 G - 4 potions of haste
 K - 2 potions of brilliance
 T - a potion of lignification
 X - a potion of cancellation
Miscellaneous
 S - a phantom mirror


   Skills:
 + Level 13.6 Fighting
 + Level 12.8 Short Blades
 + Level 12.8 Long Blades
 + Level 12.8 Axes
 + Level 13.6 Maces & Flails
 + Level 12.8 Polearms
 + Level 12.8 Staves
 + Level 12.8 Ranged Weapons
 + Level 13.1 Throwing
 + Level 13.1 Armour
 + Level 13.6 Dodging
 + Level 12.8 Stealth
 + Level 12.8 Shields
 + Level 12.8 Unarmed Combat
 + Level 13.7 Spellcasting
 + Level 10.9 Conjurations
 + Level 10.9 Hexes
 + Level 10.9 Summonings
 + Level 10.9 Necromancy
 + Level 12.1 Translocations
 + Level 10.9 Fire Magic
 + Level 10.9 Ice Magic
 + Level 10.9 Air Magic
 + Level 10.9 Earth Magic
 + Level 10.9 Alchemy
 + Level 13.9 Invocations
 + Level 12.8 Evocations
 + Level 11.8 Shapeshifting


You had 3 spell levels left.
You knew the following spells:

 Your Spells              Type           Power      Damage    Failure   Level
a - Blink                 Tloc           100%       N/A       1%          2
b - Gell's Gravitas       Tloc           71%        N/A       1%          3
c - Static Discharge      Conj/Air       100%       3-8/arc   1%          2
d - Vhi's Electric Charg  Tloc/Air       100%       N/A       1%          4
e - Airstrike             Air            33%        2d(5-21)  1%          4
f - Summon Lightning Spi  Summ/Air       67%        N/A       1%          4
g - Mephitic Cloud        Conj/Alch/Air  67%        N/A       1%          3
h - Freezing Cloud        Conj/Ice/Air   33%        6-21      1%          5
i - Brom's Barrelling Bo  Conj/Erth      67%        2d8       1%          4
j - Yara's Violent Unrav  Hex/Alch       33%        3d14      1%          5
k - Summon Forest         Summ/Tloc      34%        N/A       1%          5

Your spell library contained the following spells:

 Spells                   Type           Power      Damage    Failure   Level
 Foxfire                  Conj/Fire      100%       2x1d9     1%          1
 Freeze                   Ice            100%       1d10      1%          1
 Kiss of Death            Conj/Necr      100%       2d13      1%          1
 Necrotise                Necr           100%       1d9       1%          1
 Sandblast                Erth           100%       2d20      1%          1
 Shock                    Conj/Air       100%       1d9       1%          1
 Summon Small Mammal      Summ           100%       N/A       1%          1
 Ensorcelled Hibernation  Hex/Ice        100%       N/A       1%          2
 Jinxbite                 Hex            100%       N/A       1%          2
 Lesser Beckoning         Tloc           100%       N/A       1%          2
 Mercury Vapours          Alch/Air       100%       N/A       1%          2
 Sublimation of Blood     Necr           67%        N/A       1%          2
 Call Canine Familiar     Summ           67%        N/A       1%          3
 Confusing Touch          Hex            67%        N/A       1%          3
 Frozen Ramparts          Ice            100%       1d16      1%          3
 Hailstorm                Conj/Ice       67%        3d12      1%          3
 Passwall                 Erth           67%        N/A       1%          3
 Sigil of Binding         Hex            67%        N/A       1%          3
 Stone Arrow              Conj/Erth      100%       3d13      1%          3
 Summon Ice Beast         Ice/Summ       67%        N/A       1%          3
 Swiftness                Air            67%        N/A       1%          3
 Teleport Other           Tloc           71%        N/A       1%          3
 Tukima's Dance           Hex            67%        N/A       1%          3
 Vampiric Draining        Necr           67%        2d10      1%          3
 Anguish                  Hex/Necr       33%        N/A       1%          4
 Cause Fear               Hex            33%        N/A       1%          4
 Dimensional Bullseye     Hex/Tloc       34%        N/A       1%          4
 Dispel Undead            Necr           67%        3d23      1%          4
 Ignite Poison            Fire/Alch      67%        N/A       1%          4
 Leda's Liquefaction      Alch/Erth      33%        N/A       1%          4
 Manifold Assault         Tloc           71%        N/A       1%          4
 Martyr's Knell           Necr/Summ      67%        N/A       1%          4
 Passage of Golubria      Tloc           71%        N/A       1%          4
 Petrify                  Alch/Erth      67%        N/A       1%          4
 Sticky Flame             Fire/Alch      67%        2d11      1%          4
 Summon Blazeheart Golem  Fire/Summ      67%        N/A       1%          4
 Curse of Agony           Necr           67%        N/A       1%          5
 Fireball                 Conj/Fire      33%        3d14      1%          5
 Irradiate                Conj/Alch      33%        3d22      1%          5
 Plasma Beam              Fire/Air       33%        2x1d46    6%          6
 Starburst                Conj/Fire      33%        6d10      6%          6
 Summon Hydra             Summ           33%        N/A       34%         7
 Ignition                 Fire           33%        3d10      95%         8
 Dragon's Call            Summ           33%        N/A       100%        9


Dungeon Overview and Level Annotations

Branches:
Dungeon (15/15)            Temple (0/1) D:5            Lair (5/5) D:10
  Swamp (0/4) Lair:2       Spider (0/4) Lair:2        Slime (0/5) Lair:4
    Orc (2/2) D:10            Elf (3/3) Orc:2        Vaults (0/5) D:13
 Depths (1/4) D:15          Sewer (visited)         Volcano (visited)

Altars:
Ashenzari
Cheibriados
Elyvilon
Fedhas
Gozag
Hepliaklqana
Kikubaaqudgha
Nemelex Xobeh
Qazlal
Ru
Sif Muna
Xom
Jiyva
Lugonu

Shops:
D:3 *   D:8 *   D:11 *   D:13 [[   Orc:2 (=[**   Elf:2 !   Elf:3 =   Lair:1 =(

Portals:
Abyss: Lair:3
Trove: D:13 (give 11 potions of heal wounds)

Annotations:
D:11 3 runed translucent doors
D:12 1 runed translucent door
Lair:3 3 runed translucent doors, Gengi's ghost, journeyman DrSh; Sesiytys's ghost, journeyman HuWn; Viapecw's ghost, journeyman TrBe


Innate Abilities, Weirdness & Mutations

You have very sharp teeth.
Your uncanny sense of smell can sniff out nearby items.
Your experience applies equally to all skills.
You have sharp toenails.


Message History

The +2 long sword of holy wrath hits you!!
* * * LOW HITPOINT WARNING * * *
A hell rat scurries out from under your cloak.
Okay, then.
You slice the +2 long sword of holy wrath!!
The +2 long sword of holy wrath is almost destroyed.
The +2 long sword of holy wrath hits you!
* * * LOW HITPOINT WARNING * * *
Unknown command.
Unknown command.
You slash the +2 long sword of holy wrath!
The +2 long sword of holy wrath turns to gold and falls from the air.
Unknown command.
Unknown command.
You feel better.
You feel yourself slow down.
You open the door.
Found a glowing golden altar of the Shining One.
Found two runelights. 2 ophanim come into view.
The ophan turns its gaze towards you.
There is an open door here.
The ophan turns its gaze towards you.
There is a runelight here.
Okay, then.
Press: ? - help, v - describe, . - travel
Here: an ophan (ally target, haloed)
The floor.
Okay, then.
You swap places.
The ophan harnesses the cleansing power of fire!
The bolt of fire hits your hell rat!!!
Your hell rat dies!
The bolt of fire hits you!
* * * LOW HITPOINT WARNING * * *
A river rat scurries out from under your cloak.
The ophan harnesses the cleansing power of fire!
The bolt of fire hits you!!!
You die...
Your body crumbles into a pile of gold.

# ....# ..#...#
..# #.. # .##
..## . ..# .
#....#. ... .#
. # #.###
..#.### ...##.
. . #.........
.. ... . ..
#.....⌠⌠⌠###⌠.⌠
# ## #..#''##8
#.##8# #
#.§r###G..## ##
∩#.⌠$§@⌠._.⌠+ φ
. #...###G..##
# #++# #.## ##


You could see 2 ophanim and a friendly river rat.

Vanquished Creatures
  Boris (D:15)
  2 deep elf blademasters (Elf:3)
  2 deep elf master archers (Elf:3)
  A tentacled starspawn (Abyss:3)
  A revenant (Abyss:3)
  3 deep elf sorcerers
  3 deep elf elementalists (Elf:3)
  An orc warlord (Orc:2)
  An angel (Abyss:3)
  A reaper (Abyss:3)
  9 deep elf demonologists
  4 deep elf annihilators (Elf:3)
  8 deep elf death magi (Elf:3)
  Azrael (Elf:2)
  An ettin (D:15)
  Snorg (Orc:2)
  Josephine (D:12)
  2 deep elf high priests (Elf:3)
  An entropy weaver (shapeshifter) (D:14)
  2 vault guards (D:13)
  7 hydras
  A catoblepas (Lair:5)
  2 centaur warriors
  A tengu warrior (D:15)
  5 boulder beetles
  26 dancing weapons
  4 two-headed ogres
  2 death yaks (D:10)
  A thrashing horror (Abyss:3)
  6 orc high priests
  An occultist (Abyss:3)
  16 deep elf knights
  A hell knight (D:15)
  2 wretched stars (Abyss:3)
  10 deep elf archers
  32 deep elf pyromancers
  4 necromancers
  22 deep elf zephyrmancers
  3 orc knights
  9 starcursed masses (Abyss:3)
  Pikel (D:7)
  2 arcanists
  2 cyclopes
  7 orc sorcerers
  4 manticores
  13 ugly things
  2 worldbinders (Abyss:3)
  A meliai (Lair:2)
  18 cane toads
  5 black mambas
  6 large abominations (Abyss:3)
  A molten gargoyle (Lair:5)
  A torpor snail (Lair:1)
  A rust devil (Abyss:3)
  3 rime drakes (Lair:5)
  2 smoke demons (Abyss:3)
  2 unseen horrors (D:11)
  An unseen horror (shapeshifter) (Elf:2)
  5 yaktaurs (D:15)
  Maggie (D:6)
  2 tengu conjurers (D:15)
  3 ancient zymes (Abyss:3)
  A freezing wraith (Abyss:3)
  9 komodo dragons
  7 polar bears
  A silent spectre (Abyss:3)
  3 trolls
  Prince Ribbit (D:5)
  6 hornets (Lair:5)
  21 blink frogs
  11 raiju (Abyss:3)
  8 slime creatures
  2 shadows
  14 spriggans (Lair:5)
  A jumping spider (shapeshifter) (Orc:2)
  6 dream sheep (Lair:5)
  A ynoxinul (Abyss:3)
  6 air elementals (Elf:1)
  5 water elementals (Elf:1)
  2 wyverns
  A spriggan (shapeshifter) (Elf:3)
  8 wraiths
  46 yaks
  17 fire elementals
  18 humans (D:13)
  An unseen horror simulacrum (D:8)
  6 basilisks
  2 neqoxecs (Abyss:3)
  4 vampire mosquitoes (D:12)
  A chaos spawn (Abyss:3)
  An acid dragon (D:13)
  2 wargs (Orc:2)
  An acid dragon (shapeshifter) (Elf:3)
  11 water moccasins
  Duvessa (D:7)
  10 hell hounds
  26 orc warriors
  An ice beast (D:8)
  Pargi (Sewer)
  A sky beast (D:8)
  9 laughing skulls (Abyss:3)
  3 black bears
  6 small abominations (Abyss:3)
  3 boggarts (Lair:5)
  5 ogres
  22 wolves
  8 centaurs
  2 phantoms (D:5)
  A kobold brigand (D:10)
  A lemure (D:7)
  8 bullfrogs
  Blork the orc (D:5)
  A scorpion (D:4)
  4 earth elementals (Elf:1)
  A wight (D:7)
  11 killer bees
  14 electric eels
  7 howler monkeys
  A lava snake (Lair:5)
  2 hounds
  An iron imp (Abyss:3)
  12 orc priests
  3 gnoll boudas
  3 jellies
  2 sleepcaps
  Terence (D:1)
  An iguana (D:5)
  13 orc wizards
  A nameless horror (D:8)
  Robin (D:2)
  A killer bee simulacrum (D:8)
  13 adders
  6 gnolls
  2 shadow imps
  A howler monkey simulacrum (D:8)
  6 white imps
  2 ufetubi (D:8)
  4 ribbon worms
  5 dart slugs
  42 orcs
  4 bats
  7 endoplasms
  5 giant cockroaches
  13 goblins
  9 hobgoblins
  15 jackals
  3 quokkas
  5 ball pythons
  17 kobolds
  9 rats
865 creatures vanquished.

Vanquished Creatures (collateral kills)
  An ettin (Orc:2)
  2 vault guards (D:13)
  A hydra (D:13)
  Erica (D:9)
  2 dancing weapons (Elf:2)
  2 boulder beetles
  A death yak (D:10)
  2 two-headed ogres
  An orc knight (Orc:2)
  A deep elf zephyrmancer (Elf:1)
  2 deep elf pyromancers
  An orc sorcerer (Orc:2)
  4 ugly things
  A kobold demonologist (D:12)
  A komodo dragon (Lair:2)
  2 trolls
  2 hornets
  2 blink frogs (Lair:1)
  A slime creature (D:15)
  2 wraiths
  11 yaks
  A steam dragon (D:8)
  A warg (Orc:2)
  A black bear (D:7)
  6 orc warriors
  A wolf (Lair:5)
  3 centaurs
  A bullfrog (D:8)
  5 wights
  Dowan (D:7)
  12 killer bees
  3 howler monkeys
  5 orc priests (Orc:2)
  5 orc wizards
  9 gnolls (D:9)
  A white imp (D:7)
  15 orcs
  A kobold (D:10)
  12 boulders
126 creatures vanquished.

Vanquished Creatures (others)
  A deep elf pyromancer (Elf:1)
  A deep elf zephyrmancer (Elf:2)
  A small abomination (Abyss:3)
  A yak (D:10)
  An orc priest (Orc:2)
  An orc wizard (Orc:2)
  An orc (D:6)
  A quokka (D:6)
  23 boulders
  A lurking horror (Lair:3)
  2 starspawn tentacles (Abyss:3)
34 creatures vanquished.

Grand Total: 1025 creatures vanquished

Notes
Turn   | Place    | Note
-------+----------+-------------------------------------------
     0 | D:1      | olmar the Gnoll Warper began the quest for the Orb.
     0 | D:1      | Reached XP level 1. HP: 20/20 MP: 6/6
   174 | D:1      | Reached XP level 2. HP: 26/26 MP: 7/7
   248 | D:1      | Learned a level 2 spell: Blink
   256 | D:1      | Found a faded altar of an unknown god.
   689 | D:1      | Reached XP level 3. HP: 31/31 MP: 9/9
   699 | D:1      | Reached skill level 5 in Spellcasting
   955 | D:2      | Noticed Robin
  1001 | D:1      | Learned a level 3 spell: Gell's Gravitas
  1101 | D:2      | Reached skill level 1 in Invocations
  1149 | D:2      | Found an opulent altar of Gozag.
  1152 | D:2      | Noticed Terence
  1281 | D:2      | Reached skill level 1 in Short Blades
  1281 | D:2      | Reached skill level 1 in Long Blades
  1281 | D:2      | Reached skill level 1 in Axes
  1281 | D:2      | Reached skill level 1 in Polearms
  1281 | D:2      | Reached skill level 1 in Staves
  1281 | D:2      | Reached skill level 1 in Ranged Weapons
  1281 | D:2      | Reached skill level 1 in Stealth
  1281 | D:2      | Reached skill level 1 in Shields
  1281 | D:2      | Reached skill level 1 in Unarmed Combat
  1281 | D:2      | Reached skill level 1 in Evocations
  1434 | D:2      | Became a worshipper of Gozag Ym Sagoz the Greedy
  1443 | D:2      | Reached skill level 1 in Shapeshifting
  1443 | D:2      | Reached XP level 4. HP: 32/38 MP: 11/11
  1448 | D:2      | Identified the +10 dagger of Charity {heavy, Str+2}
  1682 | D:1      | Killed Terence
  1683 | D:1      | Reached skill level 1 in Conjurations
  1683 | D:1      | Reached skill level 1 in Hexes
  1683 | D:1      | Reached skill level 1 in Summonings
  1683 | D:1      | Reached skill level 1 in Necromancy
  1683 | D:1      | Reached skill level 1 in Transmutations
  1683 | D:1      | Reached skill level 1 in Fire Magic
  1683 | D:1      | Reached skill level 1 in Ice Magic
  1683 | D:1      | Reached skill level 1 in Air Magic
  1683 | D:1      | Reached skill level 1 in Earth Magic
  1683 | D:1      | Reached skill level 1 in Alchemy
  1770 | D:1      | Reached XP level 5. HP: 29/43 MP: 12/12
  1846 | D:2      | Killed Robin
  1979 | D:3      | Found a shimmering altar of Xom.
  1979 | D:3      | Found a shimmering altar of Xom.
  1979 | D:3      | Found a shimmering altar of Xom.
  1979 | D:3      | Found a shimmering altar of Xom.
  1981 | D:3      | Found a shimmering altar of Xom.
  1983 | D:3      | Found a shimmering altar of Xom.
  2009 | D:3      | Found Ebel's Assorted Antiques.
  2731 | D:4      | Reached XP level 6. HP: 36/50 MP: 13/13
  2745 | D:4      | Found a glowing drain.
  2754 | Sewer    | Entered a sewer
  2885 | Sewer    | Noticed Pargi
  2893 | Sewer    | Killed Pargi
  2894 | Sewer    | Reached skill level 5 in Fighting
  2894 | Sewer    | Reached skill level 5 in Maces & Flails
  2894 | Sewer    | Reached skill level 5 in Dodging
  2990 | D:4      | Found a broken altar of Ashenzari.
  3014 | D:4      | HP: 2/51 [gnoll/+3 spear[a gnoll bouda] (10)]
  3019 | D:4      | Reached XP level 7. HP: 12/56 MP: 1/15
  3232 | D:4      | Found a blossoming altar of Fedhas.
  3459 | D:4      | Found a hazy altar of Hepliaklqana.
  3477 | D:4      | Found a stormy altar of Qazlal.
  3842 | D:5      | Entered Level 5 of the Dungeon
  4140 | D:5      | Noticed a shadow
  4377 | D:5      | Learned a level 2 spell: Static Discharge
  4547 | D:5      | Noticed Blork the orc
  4551 | D:5      | Killed Blork the orc
  4640 | D:5      | Found a staircase to the Ecumenical Temple.
  4640 | D:5      | Noticed Prince Ribbit
  4656 | D:5      | Killed Prince Ribbit
  4657 | D:5      | Reached XP level 8. HP: 44/63 MP: 15/17
  4838 | D:5      | Killed a shadow
  5102 | D:6      | Noticed Maggie
  5121 | D:6      | Killed Maggie
  5122 | D:6      | Reached XP level 9. HP: 69/69 MP: 18/18
  5187 | D:6      | Found a white marble altar of Elyvilon.
  5518 | D:6      | Reached skill level 5 in Throwing
  5518 | D:6      | Reached skill level 5 in Armour
  5949 | D:6      | Learned a level 4 spell: Vhi's Electric Charge
  6729 | D:6      | Learned a level 4 spell: Airstrike
  6734 | D:6      | Learned a level 4 spell: Summon Lightning Spire
  6744 | D:7      | Reached skill level 5 in Invocations
  7207 | D:7      | Noticed Duvessa
  7208 | D:7      | Noticed Dowan
  7216 | D:7      | Killed Duvessa
  7231 | D:7      | Killed Dowan
  7343 | D:7      | Noticed Pikel
  7469 | D:7      | Killed Pikel
  7470 | D:7      | Reached skill level 5 in Short Blades
  7470 | D:7      | Reached skill level 5 in Long Blades
  7470 | D:7      | Reached skill level 5 in Axes
  7470 | D:7      | Reached skill level 5 in Polearms
  7470 | D:7      | Reached skill level 5 in Staves
  7470 | D:7      | Reached skill level 5 in Ranged Weapons
  7470 | D:7      | Reached skill level 5 in Stealth
  7470 | D:7      | Reached skill level 5 in Shields
  7470 | D:7      | Reached skill level 5 in Unarmed Combat
  7470 | D:7      | Reached skill level 5 in Evocations
  7470 | D:7      | Reached XP level 10. HP: 72/77 MP: 4/20
  8037 | D:8      | Found an ancient bone altar of Kikubaaqudgha.
  8204 | D:8      | Noticed a two-headed ogre
  8213 | D:8      | Killed a two-headed ogre
  8222 | D:8      | Reached skill level 5 in Shapeshifting
  8366 | D:8      | Found a sparkling altar of Nemelex Xobeh.
  8380 | D:8      | Found Bioxim's Changing Room.
  8391 | D:8      | Bought a potion of mutation for 112 gold pieces
  8391 | D:8      | Bought a potion of lignification for 42 gold pieces
  8817 | D:8      | Reached XP level 11. HP: 29/84 MP: 9/22
  9024 | D:8      | Reached skill level 5 in Conjurations
  9024 | D:8      | Reached skill level 5 in Hexes
  9024 | D:8      | Reached skill level 5 in Summonings
  9024 | D:8      | Reached skill level 5 in Necromancy
  9024 | D:8      | Reached skill level 5 in Transmutations
  9024 | D:8      | Reached skill level 5 in Fire Magic
  9024 | D:8      | Reached skill level 5 in Ice Magic
  9024 | D:8      | Reached skill level 5 in Air Magic
  9024 | D:8      | Reached skill level 5 in Earth Magic
  9024 | D:8      | Reached skill level 5 in Alchemy
  9181 | D:8      | Found the +2 ratskin cloak {*Rats rPois rN+ Str-1 Int-1
                  | Dex+1}
  9269 | D:9      | Noticed Erica
  9278 | D:9      | Killed Erica
  9706 | D:9      | Noticed a two-headed ogre
  9715 | D:9      | Killed a two-headed ogre
 10284 | D:10     | Entered Level 10 of the Dungeon
 10733 | D:10     | Found a sacrificial altar of Ru.
 10739 | D:10     | Found a shimmering blue altar of Sif Muna.
 10913 | D:10     | Noticed a death yak
 10914 | D:10     | Noticed a two-headed ogre
 10920 | D:10     | Noticed Sonja
 10929 | D:10     | Killed a death yak
 10931 | D:10     | Noticed a death yak
 10934 | D:10     | Noticed a death yak
 10934 | D:10     | Killed a two-headed ogre
 10935 | D:10     | Reached XP level 12. HP: 54/94 MP: 24/24
 10943 | D:10     | Sonja changed into Sonja the wyvern
 10943 | D:10     | Noticed Sonja
 10946 | D:10     | Killed a death yak
 10946 | D:10     | Killed a death yak
 11067 | D:10     | Killed Sonja the wyvern
 11073 | D:10     | Found a staircase to the Lair.
 11210 | D:10     | Found a staircase to the Orcish Mines.
 11229 | D:10     | Found a snail-covered altar of Cheibriados.
 11538 | D:11     | Found Qohar's CLEARANCE SALE!.
 11544 | D:11     | Bought a potion of brilliance for 12 gold pieces
 11984 | D:11     | Found a runed translucent gate.
 11984 | D:11     | Found a runed translucent gate.
 11984 | D:11     | Noticed a death yak
 11985 | D:11     | Found a runed translucent gate.
 11986 | D:11     | Noticed a death yak
 11987 | D:11     | Noticed a death yak
 12556 | D:11     | Found a gateway to a bazaar.
 12616 | Bazaar   | Entered a bazaar
 12635 | Bazaar   | Found Jerre's Weapon Shoppe.
 12690 | Bazaar   | Found Utuqius's Jewellery Emporium.
 12738 | Bazaar   | Found Norean's Distillery.
 12747 | Bazaar   | Bought 2 potions of degeneration for 26 gold pieces
 12747 | Bazaar   | Bought a potion of curing for 39 gold pieces
 12747 | Bazaar   | Bought a potion of curing for 39 gold pieces
 12747 | Bazaar   | Bought a potion of lignification for 39 gold pieces
 12747 | Bazaar   | Bought a potion of lignification for 39 gold pieces
 12747 | Bazaar   | Bought a potion of lignification for 39 gold pieces
 12785 | Bazaar   | Found Littun's General Store.
 12791 | Bazaar   | Bought a scroll of fear for 36 gold pieces
 12971 | Bazaar   | Bought a scroll of butterflies for 36 gold pieces
 12971 | Bazaar   | Bought a scroll of immolation for 36 gold pieces
 12971 | Bazaar   | Bought a scroll of revelation for 67 gold pieces
 13129 | D:11     | Learned a level 3 spell: Mephitic Cloud
 13135 | D:11     | Learned a level 5 spell: Freezing Cloud
 13453 | D:12     | Noticed a boulder beetle
 13454 | D:12     | Noticed a two-headed ogre
 13470 | D:11     | Killed a boulder beetle
 13677 | D:11     | Killed a two-headed ogre
 13767 | D:12     | Noticed a two-headed ogre
 13777 | D:12     | Killed a two-headed ogre
 13854 | D:12     | Noticed a five-headed hydra
 13861 | D:12     | Killed a five-headed hydra
 14142 | D:12     | Noticed a boulder beetle
 14185 | D:12     | Killed a boulder beetle
 14516 | D:12     | Reached XP level 13. HP: 92/101 MP: 20/26
 14639 | D:12     | Noticed Josephine
 14644 | D:12     | Killed Josephine
 15351 | D:12     | Found a runed translucent door.
 15354 | D:12     | Noticed a tengu reaver
 15705 | D:13     | Identified the +7 long sword "Ohuipah" {holy, rPois rC-
                  | rN++ Stlth+}
 16285 | D:13     | Reached skill level 10 in Spellcasting
 16423 | D:13     | Found a gate to the Vaults.
 16423 | D:13     | Noticed a vault guard
 16423 | D:13     | Noticed a vault guard
 16423 | D:13     | Noticed a vault guard
 16423 | D:13     | Noticed a vault guard
 16434 | D:13     | Killed a vault guard
 16446 | D:13     | Killed a vault guard
 16450 | D:13     | Killed a vault guard
 16451 | D:13     | Killed a vault guard
 16816 | D:13     | Found a portal to a secret trove of treasure.
 16822 | D:13     | Bought the +0 pair of gloves of the Black Moon {rPois rF-
                  | Dex+2} for 206 gold pieces
 16822 | D:13     | Bought a +2 troll leather armour for 432 gold pieces
 16839 | D:13     | Bought a +2 cloak of poison resistance for 185 gold pieces
 17133 | D:14     | Reached skill level 10 in Fighting
 17133 | D:14     | Reached skill level 10 in Maces & Flails
 17133 | D:14     | Reached skill level 10 in Dodging
 17213 | D:14     | Noticed an entropy weaver
 17221 | D:14     | Killed an entropy weaver
 17415 | D:14     | Identified the +1 rapier "Riopaw" {flame, rC+ Will+ Int+3}
 17500 | D:14     | Reached XP level 14. HP: 110/110 MP: 23/28
 18098 | D:15     | Entered Level 15 of the Dungeon
 18170 | D:15     | Reached skill level 10 in Invocations
 20025 | D:15     | Reached skill level 10 in Throwing
 20025 | D:15     | Reached skill level 10 in Armour
 20348 | D:15     | Found a staircase to the Depths.
 20509 | Orc:1    | Entered Level 1 of the Orcish Mines
 20896 | Orc:2    | Entered Level 2 of the Orcish Mines
 20974 | Orc:2    | Noticed Snorg
 20985 | Orc:2    | Killed Snorg
 21081 | Orc:2    | Found Emofu's General Store.
 21354 | Orc:2    | Found a staircase to the Elven Halls.
 21737 | Orc:2    | Noticed an orc warlord
 21754 | Orc:2    | Killed an orc warlord
 21755 | Orc:2    | Reached skill level 10 in Translocations
 21755 | Orc:2    | Reached XP level 15. HP: 98/117 MP: 3/30
 21779 | Orc:2    | Reached skill level 10 in Short Blades
 21779 | Orc:2    | Reached skill level 10 in Long Blades
 21779 | Orc:2    | Reached skill level 10 in Axes
 21779 | Orc:2    | Reached skill level 10 in Polearms
 21779 | Orc:2    | Reached skill level 10 in Staves
 21779 | Orc:2    | Reached skill level 10 in Ranged Weapons
 21779 | Orc:2    | Reached skill level 10 in Stealth
 21779 | Orc:2    | Reached skill level 10 in Shields
 21779 | Orc:2    | Reached skill level 10 in Unarmed Combat
 21779 | Orc:2    | Reached skill level 10 in Evocations
 22215 | Orc:2    | Found Ibbedu Tetru's General Store.
 22216 | Orc:2    | Found Iduyroxy's Jewellery Shop.
 22218 | Orc:2    | Found Doeq's Antique Armour Shop.
 22218 | Orc:2    | Found Saump's Antique Weapon Boutique.
 22321 | Lair:1   | Entered Level 1 of the Lair of Beasts
 22379 | Lair:1   | Found a dark tunnel.
 22396 | Volcano  | Entered a volcano
 22402 | Volcano  | Identified a scroll of acquirement
 22863 | Lair:1   | Upgraded the game from 0.31-a0-1074-g0b22e4e0f1 to
                  | 0.31-a0-1388-g4b2ba238e7
 22896 | Lair:1   | Upgraded the game from 0.31-a0-1388-g4b2ba238e7 to
                  | 0.32-a0-7-ge934b4519a
 24844 | Lair:2   | Acquired the +9 quick blade of Regicide {freeze, Int+6}
 24859 | Lair:2   | Found a staircase to the Swamp.
 25714 | Lair:2   | Found a hole to the Spider Nest.
 26680 | Lair:3   | Found a runed translucent gate.
 26681 | Lair:3   | Found a runed translucent gate.
 26683 | Lair:3   | Found a runed translucent gate.
 26684 | Lair:3   | Noticed Gengi's ghost (journeyman DrSh)
 26685 | Lair:3   | Noticed Sesiytys's ghost (journeyman HuWn)
 26685 | Lair:3   | Noticed Viapecw's ghost (journeyman TrBe)
 26841 | Lair:3   | Found a corrupted altar of Lugonu.
 26855 | Lair:3   | Found a one-way gate to the infinite horrors of the Abyss.
 27374 | Lair:4   | Identified the +5 pair of boots of Experimentation {Str+8}
 27609 | Lair:4   | Found a staircase to the Slime Pits.
 27652 | Lair:4   | Found a viscous altar of Jiyva.
 28062 | Lair:5   | Entered Level 5 of the Lair of Beasts
 28208 | Lair:5   | Reached XP level 16. HP: 127/127 MP: 27/31
 29224 | Lair:5   | Reached skill level 10 in Shapeshifting
 30892 | Elf:1    | Entered Level 1 of the Elven Halls
 30902 | Orc:2    | Paralysed by an orc sorcerer for 3 turns
 31082 | Orc:2    | HP: 5/127 [burnt (7)]
 31142 | Orc:2    | Upgraded the game from 0.32-a0-7-ge934b4519a to
                  | 0.32-a0-17-gb74e046682
 31330 | Depths:1 | Entered Level 1 of the Depths
 31330 | Depths:1 | Noticed Boris
 31350 | D:15     | Killed Boris
 32392 | Elf:1    | Gained mutation: You are frail. (-10% HP) [a cacodemon]
 32406 | Elf:1    | HP: 3/114 [deep elf zephyrmancer/bolt of lightning (29)]
 32545 | Elf:1    | Learned a level 4 spell: Brom's Barrelling Boulder
 32551 | Elf:1    | Learned a level 5 spell: Yara's Violent Unravelling
 32811 | Elf:1    | Got the Octavo of Invitation
 32925 | Elf:1    | Found Lungauve's Antique Weapon Emporium.
 33217 | Elf:1    | Paralysed by an air elemental for 1 turns
 33235 | Elf:1    | Paralysed by an air elemental for 1 turns
 33386 | Elf:1    | Paralysed by an air elemental for 1 turns
 33758 | Elf:1    | Paralysed by an air elemental for 1 turns
 34413 | Elf:2    | Acquired the +11 triple sword of Burning Punishment {speed,
                  | rElec rC+++ rCorr Str-3 Stlth+}
 34420 | Elf:2    | Lost mutation: You are frail. (-10% HP) [potion of
                  | mutation]
 34420 | Elf:2    | Gained mutation: You have sharp toenails. [potion of
                  | mutation]
 34606 | Elf:2    | Reached XP level 17. HP: 50/135 MP: 2/33
 34651 | Elf:2    | Noticed Azrael
 34657 | Elf:2    | Killed Azrael
 35354 | Elf:2    | Found a runed translucent gate.
 35355 | Elf:2    | Found a runed translucent gate.
 35355 | Elf:2    | Found a runed translucent gate.
 35369 | Elf:2    | Bought a potion of curing for 51 gold pieces
 35369 | Elf:2    | Bought a potion of heal wounds for 85 gold pieces
 35369 | Elf:2    | Bought a potion of might for 68 gold pieces
 35369 | Elf:2    | Bought a potion of heal wounds for 85 gold pieces
 35369 | Elf:2    | Bought a potion of curing for 51 gold pieces
 35369 | Elf:2    | Bought a potion of haste for 170 gold pieces
 35369 | Elf:2    | Bought a potion of heal wounds for 85 gold pieces
 35387 | Elf:2    | Learned a level 5 spell: Summon Forest
 35432 | Elf:2    | Reached skill level 10 in Conjurations
 35432 | Elf:2    | Reached skill level 10 in Hexes
 35432 | Elf:2    | Reached skill level 10 in Summonings
 35432 | Elf:2    | Reached skill level 10 in Necromancy
 35432 | Elf:2    | Reached skill level 10 in Fire Magic
 35432 | Elf:2    | Reached skill level 10 in Ice Magic
 35432 | Elf:2    | Reached skill level 10 in Air Magic
 35432 | Elf:2    | Reached skill level 10 in Earth Magic
 35432 | Elf:2    | Reached skill level 10 in Alchemy
 36512 | Elf:3    | Entered Level 3 of the Elven Halls
 36580 | Elf:3    | Found Poonnaly's Jewellery Shoppe.
 36592 | Elf:3    | Bought the amulet of the Komodo Dragon {Harm rN+ Regen+
                  | Dex+3} for 855 gold pieces
 37329 | Elf:3    | Noticed a deep elf blademaster
 37339 | Elf:3    | Killed a deep elf blademaster
 37484 | Elf:3    | Noticed a Tzitzimitl
 37488 | Elf:3    | Noticed a deep elf blademaster
 37497 | Elf:3    | Killed a deep elf blademaster
 37521 | Elf:3    | Noticed a deep elf master archer
 37534 | Elf:3    | Killed a deep elf master archer
 37542 | Elf:3    | Reached XP level 18. HP: 99/143 MP: 3/35
 37543 | Elf:3    | Identified the +5 glaive of the Blushing Shrike {flame,
                  | rElec}
 37543 | Elf:3    | Noticed a deep elf master archer
 37547 | Elf:3    | HP: 5/143 [deep elf master archer/arrow (37)]
 38650 | Elf:3    | Identified the +5 scimitar of Saromas {elec, *Corrode rC+++
                  | Str+2 Int-2}
 38662 | Elf:3    | Noticed a Hell Sentinel
 38664 | Abyss:3  | Cast into level 3 of the Abyss (a deep elf demonologist)
 38673 | Abyss:3  | Found a blossoming altar of Fedhas.
 39527 | Elf:3    | Escaped the Abyss
 39536 | Elf:3    | Identified the +7 hand axe "Gearol" {protect, rN+ Str-5
                  | Int+3 Dex+3}
 39546 | Elf:3    | Noticed an Ice Fiend
 39546 | Elf:3    | Killed a deep elf master archer
 39550 | Elf:3    | Identified the +9 scimitar "Wusyj" {protect, Dex+6}
 39553 | Abyss:3  | Cast into level 3 of the Abyss (a deep elf demonologist)
 39759 | Abyss:3  | Found a glowing golden altar of the Shining One.
 39762 | Abyss:3  | Killed from afar by an ophan

Illustrated notes

Levels and vault maps discovered:
D:1:      sevenhm_arrival_forest_fort_small_6, layout_loops_ring,
          hellmonk_ecumenical_altar_inner_sanctum,
          chequers_serial_rivers_small_3
D:2:      layout_rooms, basic_altar, uniq_terence, uniq_robin
D:3:      layout_loops_ring, xom_redecorated, serial_shops, shop,
          minmay_close_crescents
D:4:      layout_cave_pools, fedhas_altar_3, nicolae_overflow_squiral,
          mainiacjoe_overflow_alcove_1, portal_sewer_entry_d
D:5:      layout_basic, minmay_temple_entry_mini_moons, uniq_prince_ribbit1,
          uniq_blork_the_orc
D:6:      layout_gridville, elyvilon_altar_4, serial_bayou,
          serial_bayou_lagoon_a, serial_bayou_pond_c, serial_bayou_lake_a,
          serial_bayou_crossing, serial_bayou_pond_a, serial_bayou_lagoon_b,
          grunt_ministairs_6, uniq_maggie
D:7:      layout_rooms, nrook_mini_vaults, uniq_duvessa, uniq_pikel
D:8:      minmay_slanted_spiral_squares, layout_cave_pools,
          mainiacjoe_overflow_cross_hatched, lemuel_round_altar, serial_ice,
          serial_ice_n, serial_ice_d, serial_ice_b, serial_ice_j,
          dreamdust_princess_bridge, nicolae_transmutations_shop
D:9:      layout_roguey, uniq_erica
D:10:     layout_rooms, mainiacjoe_overflow_small_starburst,
          nicolae_sif_muna_condensation, kennysheep_mini, dpeg_lair_monsters,
          uniq_sonja
D:11:     lemuel_bear_cage, layout_long_grid, serial_shops, bzr_entry_safe,
          nicolae_shop_clearance
D:12:     layout_basic, minmay_misc_feat_alley, wad_hexagon, uniq_josephine
D:13:     layout_long_grid, grunt_vaults_entry_tiered, enter_trove_6
D:14:     layout_rooms
D:15:     hangedman_depths_entry_civil_slaughter, layout_basic,
          minmay_misc_feat_doors
Lair:1:   layout_chaotic_city, nicolae_volcano_entry_s_turn,
          infiniplex_staircase_pool
Lair:2:   layout_small_grid, swamp_mist_pool,
          hellmonk_spider_entry_not_the_bees, infiniplex_staircase_pool_2
Lair:3:   cheibrodos_lair_river_kwai, layout_loops_ring,
          gammafunk_ghost_cemetery, amcnicky_altar_lugonu_corruption,
          grunt_megastairs_1
Lair:4:   layout_big_grid, slime_entry_1, disabler_island, lemuel_fruit_tree
Lair:5:   minmay_lair_end_enchanted_forest, layout_gridlike,
          kennysheep_basilisk_garden
Orc:1:    layout_caves
Orc:2:    st_orc_congregation, layout_caves, serial_shops, shop, uniq_snorg
Elf:1:    minmay_elf_arrival_circle, layout_loops_corners, serial_shops, shop,
          minmay_elf_demonology, nicolae_elf_loose_elemental_storage
Elf:2:    nicolae_elf_blades_crystal_corner, layout_geoelf_octagon,
          minivault_27, uniq_azrael
Elf:3:    elf_hall, layout_geoelf_castle, serial_shops, shop
Depths:1: layout_honeycomb, tso_metal_star, hell_entry, nicolae_wwwww,
          dispersion_dpeg, uniq_boris
Abyss:3:  base: Lair:1, hangedman_abyss_or_decor_stabs, base: Depths:3,
          hangedman_abyss_overflow_altar, gammafunk_abyss_exit_x_factor,
          evilmike_abyss_rune_tso_outpost

Skill      XL: |  1  2  3  4  5  6  7  8  9 10 11 12 13 14 15 16 17 18 |
---------------+-------------------------------------------------------+-----
Spellcasting   | 5 6 7 8 9 10 11 12 13 | 13.7
Invocations    | 1 2 3 4 5 6 7 8 9 10 11 12 13 | 13.9
Short Blades   | 1 2 3 5 7 9 10 11 12 | 12.8
Long Blades    | 1 2 3 5 7 9 10 11 12 | 12.8
Axes           | 1 2 3 5 7 9 10 11 12 | 12.8
Polearms       | 1 2 3 5 7 9 10 11 12 | 12.8
Staves         | 1 2 3 5 7 9 10 11 12 | 12.8
Ranged Weapons | 1 2 3 5 7 9 10 11 12 | 12.8
Stealth        | 1 2 3 5 7 9 10 11 12 | 12.8
Shields        | 1 2 3 5 7 9 10 11 12 | 12.8
Unarmed Combat | 1 2 3 5 7 9 10 11 12 | 12.8
Evocations     | 1 2 3 5 7 9 10 11 12 | 12.8
Shapeshifting  | 1 2 3 4 5 6 7 8 9 10 11 | 11.8
Conjurations   | 1 2 3 4 5 6 7 8 9 10 | 10.9
Hexes          | 1 2 3 4 5 6 7 8 9 10 | 10.9
Summonings     | 1 2 3 4 5 6 7 8 9 10 | 10.9
Necromancy     | 1 2 3 4 5 6 7 8 9 10 | 10.9
Transmutations | 1 2 3 4 5 6 7 8 9 |  0.0
Fire Magic     | 1 2 3 4 5 6 7 8 9 10 | 10.9
Ice Magic      | 1 2 3 4 5 6 7 8 9 10 | 10.9
Air Magic      | 1 2 3 4 5 6 7 8 9 10 | 10.9
Earth Magic    | 1 2 3 4 5 6 7 8 9 10 | 10.9
Alchemy        | 1 2 3 4 5 6 7 8 9 10 | 10.9
Throwing       | 3 4 5 6 7 8 9 10 11 12 13 | 13.1
Armour         | 3 4 5 6 7 8 9 10 11 12 13 | 13.1
Fighting       | 5 6 7 8 9 10 11 12 13 | 13.6
Maces & Flails | 5 6 7 8 9 10 11 12 13 | 13.6
Dodging        | 5 6 7 8 9 10 11 12 13 | 13.6
Translocations | 6 7 8 9 10 11 12 | 12.1

Action                     |  1- 3 |  4- 6 |  7- 9 | 10-12 | 13-15 | 16-18 || total
---------------------------+-------+-------+-------+-------+-------+-------++-------
  Melee: Mace              |   132 |     3 |       |       |       |       ||   135
         Bite              |     6 |    10 |    32 |    42 |    67 |   109 ||   266
         Punch             |     1 |     1 |     4 |    15 |    44 |    37 ||   102
         Dagger            |       |   117 |   118 |       |       |       ||   235
         Staff             |       |       |   153 |   356 |   245 |       ||   754
         Quick blade       |       |       |       |       |   213 |   420 ||   633
         Triple sword      |       |       |       |       |       |   421 ||   421
  Throw: Dart              |       |     3 |    19 |    45 |    93 |    21 ||   181
         Boomerang         |       |       |    38 |       |       |       ||    38
         Throwing net      |       |       |       |       |       |     1 ||     1
   Cast: Blink             |     3 |     4 |     2 |    11 |     2 |     3 ||    25
         Gell's Gravitas   |       |     4 |     5 |     6 |     6 |       ||    21
         Static Discharge  |       |       |    14 |    46 |    23 |     1 ||    84
         Airstrike         |       |       |    10 |    22 |    21 |    10 ||    63
         Summon Lightning  |       |       |     6 |    40 |    31 |     3 ||    80
         Freezing Cloud    |       |       |       |     8 |   123 |    98 ||   229
         Mephitic Cloud    |       |       |       |     4 |    17 |     3 ||    24
         Vhi's Electric Ch |       |       |       |     2 |     1 |    10 ||    13
         Brom's Barrelling |       |       |       |       |       |    43 ||    43
         Summon Forest     |       |       |       |       |       |     2 ||     2
         Yara's Violent Un |       |       |       |       |       |     2 ||     2
 Invoke: Potion Petition   |       |       |       |     1 |       |     2 ||     3
         Call Merchant     |       |       |       |       |     4 |     1 ||     5
  Evoke: Wand              |       |     6 |       |     9 |    13 |    10 ||    38
         Phantom mirror    |       |       |       |       |       |     2 ||     2
    Use: Scroll            |       |     3 |     2 |     4 |    14 |    10 ||    33
         Potion            |       |     2 |       |     3 |     3 |    22 ||    30
   Stab: Sleeping          |     2 |     4 |     4 |       |     4 |     9 ||    23
         Distracted        |       |     1 |     1 |     5 |     4 |    10 ||    21
         Confused          |       |       |       |       |    14 |     1 ||    15
         Invisible         |       |       |       |       |     2 |       ||     2
 Armour: Leather armour    |    63 |   103 |    60 |       |       |       ||   226
         Steam dragon scal |       |       |   127 |   334 |    42 |       ||   503
         Skin              |       |       |    22 |       |       |       ||    22
         Troll leather arm |       |       |       |       |   189 |   534 ||   723
  Dodge: Dodged            |    95 |   134 |   177 |   300 |   193 |   314 ||  1213

Table legend: (Time is in decaauts)
 A = Elapsed time spent in this place.
 B = Non-inter-level travel time spent in this place.
 C = Inter-level travel time spent in this place.
 D = Time resting spent in this place.
 E = Time spent auto-exploring this place.
 F = Levels seen in this place.
 G = Mean time per level.
                   A        B        C        D        E       F      G
               +--------+--------+--------+--------+--------+-----+--------+
         Total |  39605 |  37806 |   1799 |  14212 |  16459 |  31 | 1277.6 |
       Dungeon |  20589 |  19270 |   1319 |   6105 |   9694 |  15 | 1372.6 |
          Lair |   7905 |   7696 |    209 |   3294 |   3460 |   5 | 1581.0 |
  Orcish Mines |   2321 |   2137 |    184 |   1035 |    753 |   2 | 1160.5 |
   Elven Halls |   6609 |   6525 |     84 |   3139 |   2096 |   3 | 2203.0 |
        Depths |     14 |     14 |      0 |      0 |      0 |   1 |   14.0 |
         Abyss |   1010 |   1010 |      0 |    333 |     75 |   2 |  505.0 |
        Bazaar |    504 |    504 |      0 |      0 |    283 |   1 |  504.0 |
         Sewer |    199 |    199 |      0 |     63 |     50 |   1 |  199.0 |
       Volcano |    451 |    451 |      0 |    242 |     45 |   1 |  451.0 |
               +--------+--------+--------+--------+--------+-----+--------+

Top non-repeatable levels by time:
  Lair:5: 2514 daAuts
    D:15: 2433 daAuts
   Elf:1: 2381 daAuts
   Elf:3: 2163 daAuts
   Elf:2: 2063 daAuts
   Orc:2: 1915 daAuts
    D:11: 1871 daAuts
    D:12: 1788 daAuts
     D:6: 1781 daAuts
    D:13: 1633 daAuts
  Lair:1: 1620 daAuts
  Lair:2: 1618 daAuts
     D:9: 1404 daAuts
     D:8: 1362 daAuts
     D:7: 1352 daAuts
